 Dungeon Crawl Stone Soup version 0.31-a0-198-g2ad674f65e (webtiles) character file.

Game seed: 4608426629143123229

89 qw the Shooter (level 4, 0/25 HPs)
             Began as a Deep Elf Hunter on June 25, 2023.
             Slain by a gnoll
             ... wielding a +0 spear
              (5 damage)
             ... on level 4 of the Dungeon.
             The game lasted 00:00:33 (859 turns).

qw the Shooter (Deep Elf Hunter)                     Turns: 859, Time: 00:00:33

Health: 0/25       AC:  7    Str: 10    XL:     4   Next: 31%
Magic:  6/6        EV:  9    Int: 14    God:
Gold:   111        SH:  0    Dex: 18    Spells: 3/3 levels left

rFire   . . .        Y - +0 shortbow
rCold   . . .        (shield currently unavailable)
rNeg    . . .        g - +0 scale mail
rPois   .            (no helmet)
rElec   .            (no cloak)
rCorr   .            j - +0 pair of gloves
SInv    .            (no boots)
Will    .....        (no amulet)
Stlth   +            (no ring)
HPRegen 0.24/turn    (no ring)
MPRegen 0.10/turn

%: no passive effects
@: no status effects
A: no striking features
a: no special abilities


You were on level 4 of the Dungeon.
You visited 1 branch of the dungeon, and saw 3 of its levels.

You collected 111 gold pieces.


   Skills:
 - Level 1.5 Fighting
 + Level 7.7 Ranged Weapons
 - Level 2.4 Dodging
 - Level 1.2 Stealth


You had 3 spell levels left.
You didn't know any spells.
Your spell library was empty.

Inventory:

Hand Weapons
 Y - a +0 shortbow (weapon)
Armour
 g - a +0 scale mail (worn)
 j - a +0 pair of gloves (worn)
Jewellery
 b - an amulet of faith
Scrolls
 a - a scroll of teleportation {unknown}
Potions
 d - 2 potions of attraction {unknown}
 e - a potion of curing {unknown}
 f - a potion of mutation {unknown}
 h - a potion of haste {unknown}

Dungeon Overview and Level Annotations

Branches:
Dungeon (4/15)
 Temple: D:4-7

Altars:

Annotations:
D:4 exclusion: 7 gnolls


Message History

The arrow hits the gnoll but does no damage.
The gnoll is severely wounded.
The gnoll hits you from afar with a +0 spear. x2
848 ||| DROPPING +1 leather armour of positive energy.
You drop a +1 leather armour of positive energy.
The gnoll hits you from afar with a +0 spear.
The gnoll hits you but does no damage.
Enter note:
Enter note:
Found a dagger.
The gnoll hits you but does no damage.
You see here an amulet of regeneration.
Enter note:
Enter note:
Enter note:
Enter note:
Enter note:
Enter note:
Enter note:
Enter note:
Enter note:
Enter note:
854 ||| Stepping ~*~*~tactically~*~*~ (outnumbered).
Enter note:
Enter note:
Enter note: You shoot an arrow.
The arrow closely misses the gnoll.
The gnoll barely misses you. x2
You shoot an arrow. The arrow closely misses the gnoll.
The gnoll hits you from afar with a +0 spear. x2
You shoot an arrow. The arrow hits the gnoll.
You kill the gnoll!
The gnoll misses you.
You shoot an arrow. The arrow barely misses the gnoll.
The gnoll completely misses you.
You shoot an arrow. The arrow hits the gnoll.
The gnoll is moderately wounded.
The gnoll completely misses you.
The gnoll hits you from afar with a +0 spear.
You die...

.. #.# .
.#######.##
......)...#
.######[..#
......?"..#
########..#
#..#
#########).#
.......@.g.#
.....#####.#
### #.# ..)
.... #...
....


You could see a gnoll.

Vanquished Creatures
  2 gnolls (D:4)
  An adder (D:4)
  A worm (D:4)
  2 dart slugs
  7 bats
  7 endoplasms
  2 goblins
  4 hobgoblins
  4 jackals (D:1)
  3 quokkas (D:1)
  8 ball pythons
  A frilled lizard (D:1)
  3 kobolds (D:1)
  6 rats
51 creatures vanquished.

Notes
Turn   | Place    | Note
-------+----------+-------------------------------------------
     0 | D:1      | qw the Deep Elf Hunter began the quest for the Orb.
     0 | D:1      | Reached XP level 1. HP: 12/12 MP: 3/3
     0 | D:1      | 0 ||| qw: Version: 0.3-a-22-g0ed2b0b
     0 | D:1      | 0 ||| qw: Game counter: 5241
     0 | D:1      | 0 ||| qw: Melee chars always use a shield: true
     0 | D:1      | 0 ||| qw: God list: Okawaru
     0 | D:1      | 0 ||| qw: Allow faded altars: false
     0 | D:1      | 0 ||| qw: Do Orc after clearing Dungeon:15 true
     0 | D:1      | 0 ||| qw: Do second Lair branch before Depths: true
     0 | D:1      | 0 ||| qw: Lair rune preference: random
     0 | D:1      | 0 ||| qw: Goals: Normal
     0 | D:1      | 0 ||| PLANNING D:1-11
    48 | D:1      | 48 ||| FLEEEEING.
   110 | D:1      | Reached skill level 6 in Ranged Weapons
   110 | D:1      | Reached XP level 2. HP: 14/16 MP: 4/4
   369 | D:1      | Reached XP level 3. HP: 20/20 MP: 5/5
   510 | D:1      | 510 ||| UPGRADING to +0 scale mail.
   520 | D:1      | 520 ||| DROPPING +0 leather armour.
   521 | D:1      | 521 ||| UPGRADING to +0 pair of gloves.
   526 | D:1      | 526 ||| READING scroll labelled WINYANO PUDDENISU.
   527 | D:1      | 527 ||| READING scroll labelled KOTUNA PUSAFAS.
   528 | D:1      | 528 ||| DROPPING scroll of butterflies.
   581 | D:2      | Reached skill level 7 in Ranged Weapons
   653 | D:2      | You fall into a shaft and drop 2 floors!
   830 | D:4      | Reached XP level 4. HP: 25/25 MP: 6/6
   848 | D:4      | 848 ||| DROPPING +1 leather armour of positive energy.
   854 | D:4      | 854 ||| Stepping ~*~*~tactically~*~*~ (outnumbered).
   856 | D:4      | HP: 4/25 [gnoll/+0 spear (3)]
   859 | D:4      | Slain by a gnoll

Levels and vault maps discovered:
D:1:      eino_arrival_cavern_c, layout_rooms
D:2:      layout_basic, ebering_ecumenical_altar_sacrificial, minivault_14,
          nrook_loot_triangle, uniq_terence
D:4:      layout_loops_ring

Skill      XL: |  1  2  3 |
---------------+----------+-----
Ranged Weapons | 6 7 |  7.7
Fighting       | |  1.5
Dodging        | |  2.4
Stealth        | |  1.2

Action                     |  1- 3 |  4- 6 || total
---------------------------+-------+-------++-------
   Fire: Shortbow          |   133 |    18 ||   151
    Use: Scroll            |     2 |       ||     2
 Armour: Leather armour    |     3 |       ||     3
         Scale mail        |    11 |     3 ||    14
  Dodge: Dodged            |    32 |     7 ||    39

Table legend:
 A = Non-vault XP
 B = Vault XP
 C = Vault XP percentage of total XP
 D = Non-vault monster count
 E = Vault monster count
 F = Vault count percentage of total count
                 A         B        C        D         E       F
            +---------+---------+-------+---------+---------+-------
      Total |     128 |       0 |   0.0 |      51 |       0 |   0.0
            +---------+---------+-------+---------+---------+-------
        D:1 |      59 |       0 |   0.0 |      35 |       0 |   0.0
        D:2 |      13 |       0 |   0.0 |       8 |       0 |   0.0
        D:4 |      56 |       0 |   0.0 |       8 |       0 |   0.0
            +---------+---------+-------+---------+---------+-------
